 Dungeon Crawl Stone Soup version 0.29-a0-271-gd4eb659eea (webtiles) character file.

Game seed: 14390166000065487751

37 bande the Skirmisher (level 3, 0/23 HPs)
             Began as a Gargoyle Fighter on Mar 9, 2022.
             Slain by Natasha (7 damage)
             ... on level 2 of the Dungeon.
             The game lasted 00:02:49 (1429 turns).

bande the Skirmisher (Gargoyle Fighter)             Turns: 1429, Time: 00:02:50

Health: 0/23       AC: 15    Str: 25    XL:     3   Next: 39%
Magic:  3/3        EV:  6    Int:  8    God:
Gold:   65         SH:  4    Dex: 11    Spells: 2/2 levels left

rFire   . . .      SeeInvis .   a - +0 war axe (elec)
rCold   . . .      Faith    .   c - +0 buckler
rNeg    + . .      Spirit   .   n - +0 plate armour
rPois   ∞          Reflect  .   (no helmet)
rElec   +          Harm     .   (no cloak)
rCorr   .          Rampage  .   j - +0 pair of gloves
Will    +....                   (no boots)
Stlth   ..........              (no amulet)
HPRegen 0.07/turn               e - ring of willpower
MPRegen 0.08/turn               l - +6 ring of strength

@: no status effects
A: sickness immunity, AC +3, negative energy resistance 1, electricity
resistance, torment resistance 1, petrification resistance
a: no special abilities


You were on level 2 of the Dungeon.
You visited 1 branch of the dungeon, and saw 3 of its levels.

You collected 65 gold pieces.

Inventory:

Hand Weapons
 a - a +0 war axe of electrocution (weapon)
 g - a +0 war axe
 k - a +0 flail
Armour
 c - a +0 buckler (worn)
 j - a +0 pair of gloves (worn)
 n - a +0 plate armour (worn)
Jewellery
 b - a ring of magical power
 e - a ring of willpower (left hand)
 l - a +6 ring of strength (right hand)
 o - a ring of protection from cold
Wands
 i - a wand of flame (6)
Scrolls
 h - a scroll of identify
Potions
 d - a potion of might
 f - a potion of lignification {unknown}
 p - 2 potions of flight


   Skills:
 + Level 3.6 Fighting
 + Level 2.5 Axes
 + Level 3.5 Armour
 + Level 3.5 Shields
 * Level 0.2 Evocations


You had 2 spell levels left.
You didn't know any spells.
Your spell library was empty.

Dungeon Overview and Level Annotations

Branches:
Dungeon (3/15)

Altars:

Annotations:
D:2 Natasha


Innate Abilities, Weirdness & Mutations

You are immune to sickness and miasma.
Your stone body is resilient. (AC +3)
You are immune to poison.
You resist negative energy. (rN+)
You are resistant to electric shocks. (rElec)
You are resistant to unholy torment.
You are immune to petrification.


Message History

The hobgoblin hits you but does no damage.
Natasha claws you but does no damage. The orc hits you but does no damage.
The hobgoblin hits you but does no damage.
There is a stone staircase leading up here.
Natasha howls an incantation.
You feel disoriented. Natasha barely misses you.
The hobgoblin hits you but does no damage.
The orc hits you but does no damage.
You climb upwards.
There is a stone staircase leading down here.
You closely miss Natasha. You hit the orc but do no damage.
You closely miss the hobgoblin. Natasha claws you.
The hobgoblin hits you but does no damage.
The orc hits you with a +0 club.
Unknown command.
You slash Natasha!
Natasha is severely wounded.
You closely miss the orc. You barely miss the hobgoblin.
Natasha barely misses you. You block the hobgoblin's attack.
The orc hits you but does no damage.
Natasha mumbles some strange words.
Unknown command.
You hit Natasha.
Natasha is almost dead.
You hit the hobgoblin but do no damage. You hit the shadow imp.
You hit the orc. The orc hits you but does no damage.
The hobgoblin hits you but does no damage.
Natasha stares at you and mumbles some strange words.
The magic dart hits you! The shadow imp completely misses you.
You block the hobgoblin's attack. The orc hits you but does no damage.
You closely miss Natasha.
Natasha is almost dead.
You barely miss the orc. You closely miss the shadow imp.
You closely miss the hobgoblin.
Natasha stares at you and mumbles some strange words.
The magic dart hits you. The shadow imp hits you. You block the orc's attack.
The hobgoblin hits you but does no damage.
Natasha claws you!
You die...

#### #..########
#.......... ############
#.######### #.....#..g5#
#.# #.. #.....#..h@#
###.#######.#
#.....#..)o####............
#.....#.........#....#.....
#>........(######..##..###.
#.....#?...........##.## ##
#.....#.........##.##.#
#######............##.# #
###..######.....##### #...#
##.#......)


You could see Natasha, a shadow imp (summoned), an orc and a hobgoblin.

Vanquished Creatures
  An adder (D:2)
  2 dart slugs (D:1)
  3 orcs (D:2)
  2 bats
  2 endoplasms
  A goblin (D:2)
  3 hobgoblins
  2 kobolds (D:1)
  A ball python (D:1)
  A frilled lizard (D:2)
  2 rats
20 creatures vanquished.

Notes
Turn   | Place    | Note
-------+----------+-------------------------------------------
     0 | D:1      | bande the Gargoyle Fighter began the quest for the Orb.
     0 | D:1      | Reached XP level 1. HP: 14/14 MP: 1/1
   266 | D:1      | Reached XP level 2. HP: 18/19 MP: 2/2
   837 | D:2      | Reached XP level 3. HP: 19/23 MP: 3/3
  1203 | D:3      | Noticed Natasha
  1429 | D:2      | Slain by Natasha

Illustrated notes

Levels and vault maps discovered:
D:1:      amcnicky_arrival_flooded_fountain, layout_loops_ring
D:2:      layout_rooms
D:3:      layout_basic, serial_shops, nicolae_shop_hallway_plus,
          chequers_serial_rivers_marsh, uniq_natasha

Skill      XL: |  1  2 |
---------------+-------+-----
Axes           | 2 |  2.5
Fighting       | |  3.6
Armour         | |  3.5
Shields        | |  3.5
Evocations     | |  0.2

Action                   || total
-------------------------++-------
Melee: War axe           ||    53
  Use: Scroll            ||     6
Armor: Scale mail        ||     7
       Chain mail        ||    30
       Plate armour      ||    22
Dodge: Dodged            ||    25
Block: Buckler           ||    10

Table legend: (Time is in decaauts)
 A = Elapsed time spent in this place.
 B = Non-inter-level travel time spent in this place.
 C = Inter-level travel time spent in this place.
 D = Time resting spent in this place.
 E = Time spent auto-exploring this place.
 F = Levels seen in this place.
 G = Mean time per level.
                   A        B        C        D        E       F      G
               +--------+--------+--------+--------+--------+-----+--------+
         Total |   1452 |   1452 |      0 |    200 |    913 |   3 |  484.0 |
       Dungeon |   1452 |   1452 |      0 |    200 |    913 |   3 |  484.0 |
               +--------+--------+--------+--------+--------+-----+--------+

Top non-repeatable levels by time:
     D:1: 771 daAuts
     D:2: 670 daAuts
     D:3: 10 daAuts
